Maple Leafs vs Devils
Created - 12 novembre 2013 at 19:04
Goals
|
| Maple Leafs |
0 |
0 |
4 |
4 |
| Devils |
0 |
0 |
2 |
2 |
|
Shots
|
| Maple Leafs |
9 |
9 |
10 |
28 |
| Devils |
8 |
7 |
17 |
32 |
|
1st period
No Goal
Penalties :
Lee Stempniak (NJD) for Hooking (Minor) at 7:23, Henrik Zetterberg (NJD) for High sticking (Minor) at 19:55
2nd period
No Goal
Penalties :
Matt Smaby (NJD) for Tripping (Minor) at 3:04, Byron Bitz (Tor) for Interference (Minor) at 3:04, Dion Phaneuf (Tor) for Holding (Minor) at 11:01
3rd period
1. Devils , Tomas Holmstrom 1 (Lee Stempniak, Ben Lovejoy) at 1:09
2. Maple Leafs , Tobias Enstrom 1 (Alexander Frolov, Claude Giroux) at 3:03 (PP)
3. Maple Leafs , Lasse Kukkonen 1 (Alex Goligoski) at 5:46
4. Devils , Vincent Lecavalier 8 (Henrik Zetterberg) at 7:04 (PP)
5. Maple Leafs , Alexander Frolov 3 (Dion Phaneuf, Claude Giroux) at 11:29
6. Maple Leafs , Claude Giroux 6 (Alexander Frolov, Lasse Kukkonen) at 19:34 (Empty Net)
Penalties :
Vincent Lecavalier (NJD) for Hooking (Minor) at 2:46, Pierre-Marc Bouchard (Tor) for Holding (Minor) at 6:58, Johnny Oduya (NJD) for Interference (Minor) at 16:26
Goalie Stats
Marc-André Fleury (Tor), 30 saves from 32 shots - (0,938), W, 6-4-0, 60:00 minutes
Jimmy Howard (NJD), 24 saves from 27 shots - (0,889), L, 3-5-1, 59:28 minutes
Players Stats for Maple Leafs
Player Name G A P +/- PIM S H SB GA TA FO MP PP MP PK MP
------------------------------------------------------------------------------------
Alex Goligoski 0 1 1 0 0 0 0 0 0 0 0/0 21:25 4:06 0:57
Alexander Frolov 1 2 3 2 0 7 3 0 0 2 3/3 21:21 2:27 1:05
Andy Hilbert 0 0 0 0 0 0 2 0 0 0 0/1 12:15 0:58 0:49
Brendan Morrison 0 0 0 0 0 1 2 0 0 0 6/13 17:13 2:47 0:51
Brett Clark 0 0 0 0 0 0 1 1 0 1 0/0 14:19 2:21 0:45
Byron Bitz 0 0 0 0 2 2 0 0 0 0 0/1 16:13 2:51 0:00
Claude Giroux 1 2 3 2 0 4 2 1 1 0 1/2 21:05 2:27 0:00
Dion Phaneuf 0 1 1 1 2 0 1 2 1 0 0/0 25:35 1:32 0:00
Dustin Penner 0 0 0 0 0 1 2 0 0 0 0/0 16:26 2:44 0:11
Jamal Mayers 0 0 0 0 0 0 1 0 1 0 0/0 10:59 0:55 0:00
Jay Harrison 0 0 0 0 0 0 0 1 0 1 0/0 11:49 0:36 1:08
Lasse Kukkonen 1 1 2 1 0 1 2 3 1 2 0/0 17:20 1:10 0:00
Nils Ekman 0 0 0 1 0 1 2 0 1 0 2/3 13:04 1:17 0:00
Paul Stastny 0 0 0 0 0 2 1 3 0 0 1/3 14:39 0:13 1:03
Pierre-Marc Bouchard 0 0 0 0 2 1 0 0 0 0 3/6 9:43 0:00 0:11
Robert Nilsson 0 0 0 0 0 1 0 0 0 0 1/1 0:47 0:00 0:00
Steve Ott 0 0 0 1 0 3 2 1 0 0 11/27 22:50 2:03 0:00
Tobias Enstrom 1 0 1 2 0 4 1 3 0 1 0/0 28:50 2:43 1:20
Players Stats for Devils
Player Name G A P +/- PIM S H SB GA TA FO MP PP MP PK MP
------------------------------------------------------------------------------------
Andrei Kostitsyn 0 0 0 -1 0 1 2 0 0 1 0/1 17:23 0:53 1:02
Ben Lovejoy 0 1 1 -2 0 1 1 2 0 1 0/0 23:51 0:49 0:00
Derek Roy 0 0 0 0 0 1 2 1 0 0 5/6 16:32 0:53 0:03
Doug Weight 0 0 0 -1 0 1 0 0 0 1 5/12 14:57 0:00 3:24
Greg De Vries 0 0 0 0 0 1 1 2 0 0 0/0 14:32 0:12 3:59
Henrik Zetterberg 0 1 1 -1 2 0 2 0 0 0 0/0 17:16 0:59 0:00
Jason Williams 0 0 0 1 0 0 1 0 0 0 1/2 7:31 0:00 0:00
Johnny Oduya 0 0 0 0 2 1 1 0 3 0 0/0 22:49 1:01 2:37
Jonathan Ericsson 0 0 0 0 0 1 1 2 0 0 0/0 17:48 1:04 2:15
Lee Stempniak 0 1 1 1 2 3 0 0 0 0 0/0 9:08 0:53 0:00
Marek Zidlicky 0 0 0 -2 0 0 0 3 1 1 0/0 25:13 1:04 1:22
Marian Hossa 0 0 0 -2 0 4 0 0 1 0 0/2 16:08 0:00 0:00
Matt Smaby 0 0 0 0 2 2 2 0 0 0 0/0 15:29 0:00 2:15
Peter Prucha 0 0 0 0 0 3 0 1 0 0 1/1 15:48 0:13 0:00
Ramzi Abid 0 0 0 -1 0 1 2 0 0 1 1/2 15:31 0:00 3:19
Teemu Selanne 0 0 0 -1 0 3 1 2 1 0 0/0 14:02 1:12 1:43
Tomas Holmstrom 1 0 1 1 0 5 0 0 0 0 0/0 8:31 0:00 1:14
Vincent Lecavalier 1 0 1 -2 2 4 1 1 1 0 19/34 19:13 1:12 1:43
3 Stars
1 - Alexander Frolov (Tor)
2 - Claude Giroux (Tor)
3 - Lasse Kukkonen (Tor)
Power Play
Maple Leafs - 1 on 4 Attempt(s) - 25,00%
Devils - 1 on 2 Attempt(s) - 50,00%
Penalty Kill
Maple Leafs - 1 on 2 Attempt(s) - 50,00%
- Score 0 goal in Penalty Kill
Devils - 3 on 4 Attempt(s) - 75,00%
- Score 0 goal in Penalty Kill
Official
Referees : Fraser Kerry and Martell Rob
Linesman : Ryan Galloway and Greg Devorski
Game Notes
Robert Nilsson is injured at 2:24 of 1st period (Sports Hernia)
Claude Giroux has scored in a empty net!
Finance
Level 1 -- Attendance: 5712 (95,20%) -- Ticket Income 496 944 $
Level 2 -- Attendance: 4334 (86,68%) -- Ticket Income 225 368 $
Level 3 -- Attendance: 1972 (98,60%) -- Ticket Income 59 160 $
Level 4 -- Attendance: 3528 (88,20%) -- Ticket Income 70 560 $
Luxury Box -- Attendance: 864 (86,40%) -- Ticket Income 146 880 $
Game was played at the The prudential Center
Total Attendance: 16410 (91,17%)
Total Ticket Income: 998 912 $
Other Income: 149 837 $
Total Income: 1 148 749 $
Maple Leafs
5 vs 5 Forward
Center Left Wing Right Wing Time % Phy DF OF
1 Robert Nilsson Alexander Frolov Claude Giroux 40 1 2 2
2 Brendan Morrison Dustin Penner Byron Bitz 30 1 2 2
3 Pierre-Marc Bouchard Steve Ott Nils Ekman 20 1 2 2
4 Paul Stastny Andy Hilbert Jamal Mayers 10 1 2 2
5 vs 5 Defense
Defense Defense Time % Phy DF OF
1 Dion Phaneuf Tobias Enstrom 40 1 2 2
2 Alex Goligoski Lasse Kukkonen 30 1 2 2
3 Brett Clark Jay Harrison 20 1 2 2
4 Dion Phaneuf Tobias Enstrom 10 1 2 2
PowerPlay Forward
Center Left Wing Right Wing Time % Phy DF OF
1 Robert Nilsson Alexander Frolov Claude Giroux 60 1 2 2
2 Brendan Morrison Dustin Penner Byron Bitz 40 1 2 2
PowerPlay Defense
Defense Defense Time % Phy DF OF
1 Alex Goligoski Tobias Enstrom 60 1 2 2
2 Dion Phaneuf Brett Clark 40 1 2 2
Penalty Kill 4 Players Forward
Center Wing Time % Phy DF OF
1 Robert Nilsson Alexander Frolov 60 1 2 2
2 Brendan Morrison Pierre-Marc Bouchard 40 1 2 2
Penalty Kill 4 Players Defense
Defense Defense Time % Phy DF OF
1 Dion Phaneuf Tobias Enstrom 60 1 2 2
2 Alex Goligoski Brett Clark 40 1 2 2
Penalty Kill - 3 Players Forward
Forward Time % Phy DF OF
1 Brendan Morrison 60 1 2 2
2 Robert Nilsson 40 1 2 2
Penalty Kill - 3 Players Defense
Defense Defense Time % Phy DF OF
1 Dion Phaneuf Tobias Enstrom 60 1 2 2
2 Alex Goligoski Brett Clark 40 1 2 2
4 vs 4 Forward
Center Wing Time % Phy DF OF
1 Claude Giroux Robert Nilsson 60 1 2 2
2 Brendan Morrison Pierre-Marc Bouchard 40 1 2 2
4 vs 4 Defense
Defense Defense Time % Phy DF OF
1 Dion Phaneuf Tobias Enstrom 60 1 2 2
2 Alex Goligoski Brett Clark 40 1 2 2
Last Minutes Offensive
Center Left Wing Right Wing Defense Defense
Robert Nilsson Alexander Frolov Claude Giroux Dion Phaneuf Tobias Enstrom
Last Minutes Defensive
Center Left Wing Right Wing Defense Defense
Robert Nilsson Alexander Frolov Claude Giroux Dion Phaneuf Tobias Enstrom
Goaltenders
Starting : Marc-André Fleury
Backup : Viktor Fasth
Extra Forwards
Normal : Steve Ott, Nils Ekman, Paul Stastny - PP : Steve Ott, Nils Ekman - PK : Paul Stastny
Extra Defensemen
Normal : Lasse Kukkonen, Jay Harrison, Tobias Enstrom - PP : Lasse Kukkonen - PK : Jay Harrison, Tobias Enstrom
Penalty Shots
Claude Giroux, Robert Nilsson, Brendan Morrison, Pierre-Marc Bouchard, Dustin Penner
Devils
5 vs 5 Forward
Center Left Wing Right Wing Time % Phy DF OF
1 Vincent Lecavalier Andrei Kostitsyn Marian Hossa 40 0 2 3
2 Derek Roy Henrik Zetterberg Peter Prucha 30 0 2 3
3 Doug Weight Ramzi Abid Teemu Selanne 20 0 2 3
4 Jason Williams Tomas Holmstrom Lee Stempniak 10 0 2 3
5 vs 5 Defense
Defense Defense Time % Phy DF OF
1 Marek Zidlicky Ben Lovejoy 40 0 3 2
2 Johnny Oduya Jonathan Ericsson 30 0 3 2
3 Matt Smaby Greg De Vries 20 0 4 1
4 Johnny Oduya Matt Smaby 10 0 3 2
PowerPlay Forward
Center Left Wing Right Wing Time % Phy DF OF
1 Vincent Lecavalier Henrik Zetterberg Teemu Selanne 60 0 1 4
2 Derek Roy Andrei Kostitsyn Lee Stempniak 40 0 1 4
PowerPlay Defense
Defense Defense Time % Phy DF OF
1 Ben Lovejoy Johnny Oduya 60 0 2 3
2 Jonathan Ericsson Marek Zidlicky 40 0 2 3
Penalty Kill 4 Players Forward
Center Wing Time % Phy DF OF
1 Doug Weight Ramzi Abid 60 0 4 1
2 Vincent Lecavalier Teemu Selanne 40 0 4 1
Penalty Kill 4 Players Defense
Defense Defense Time % Phy DF OF
1 Greg De Vries Johnny Oduya 60 0 4 1
2 Jonathan Ericsson Marek Zidlicky 40 0 4 1
Penalty Kill - 3 Players Forward
Forward Time % Phy DF OF
1 Doug Weight 60 0 3 2
2 Vincent Lecavalier 40 0 3 2
Penalty Kill - 3 Players Defense
Defense Defense Time % Phy DF OF
1 Marek Zidlicky Greg De Vries 60 1 2 2
2 Johnny Oduya Jonathan Ericsson 40 1 2 2
4 vs 4 Forward
Center Wing Time % Phy DF OF
1 Derek Roy Henrik Zetterberg 60 0 2 3
2 Vincent Lecavalier Ramzi Abid 40 0 2 3
4 vs 4 Defense
Defense Defense Time % Phy DF OF
1 Johnny Oduya Ben Lovejoy 60 0 2 3
2 Matt Smaby Marek Zidlicky 40 0 2 3
Last Minutes Offensive
Center Left Wing Right Wing Defense Defense
Vincent Lecavalier Henrik Zetterberg Marian Hossa Ben Lovejoy Marek Zidlicky
Last Minutes Defensive
Center Left Wing Right Wing Defense Defense
Vincent Lecavalier Henrik Zetterberg Marian Hossa Marek Zidlicky Jonathan Ericsson
Goaltenders
Starting : Jimmy Howard
Backup : Dan Ellis
Extra Forwards
Normal : Lee Stempniak, Peter Prucha, Ramzi Abid - PP : Lee Stempniak, Peter Prucha - PK : Tomas Holmstrom
Extra Defensemen
Normal : Ben Lovejoy, Matt Smaby, Johnny Oduya - PP : Ben Lovejoy - PK : Matt Smaby, Johnny Oduya
Penalty Shots
Vincent Lecavalier, Henrik Zetterberg, Marian Hossa, Teemu Selanne, Ramzi Abid
% Time on Ice - Maple Leafs
Lines # - Real PCT - Wanted PCT - Time Play
Normal Forward
1 - 38% - 40% - 18:23
2 - 27% - 30% - 13:22
3 - 16% - 20% - 7:50
4 - 19% - 10% - 9:23
Normal Defense
1 - 41% - 40% - 19:51
2 - 32% - 30% - 15:45
3 - 21% - 20% - 10:14
4 - 6% - 10% - 3:08
PP Forward
1 - 40% - 60% - 2:31
2 - 60% - 40% - 3:43
PP Defense
1 - 62% - 60% - 3:53
2 - 38% - 40% - 2:21
PK Forward
1 - 100% - 60% - 2:05
2 - 0% - 40% - 0:00
PK Defense
1 - 78% - 60% - 1:38
2 - 22% - 40% - 0:27
PK3 Forward
1 - 0% - 60%
2 - 0% - 40%
PK3 Defense
1 - 0% - 60%
2 - 0% - 40%
44 Forward
1 - 100% - 60% - 1:59
2 - 0% - 40% - 0:00
44 Defense
1 - 66% - 60% - 1:19
2 - 34% - 40% - 0:40
Last Minute Offensive - 0:00
Last Minute Defensive - 0:44
Total
Forward - 60:00
Defense - 60:00
|
% Time on Ice - Devils
Lines # - Real PCT - Wanted PCT - Time Play
Normal Forward
1 - 33% - 40% - 16:04
2 - 29% - 30% - 14:19
3 - 23% - 20% - 11:23
4 - 15% - 10% - 7:13
Normal Defense
1 - 43% - 40% - 21:14
2 - 31% - 30% - 15:07
3 - 19% - 20% - 9:20
4 - 7% - 10% - 3:18
PP Forward
1 - 58% - 60% - 1:12
2 - 42% - 40% - 0:53
PP Defense
1 - 49% - 60% - 1:01
2 - 51% - 40% - 1:04
PK Forward
1 - 72% - 60% - 4:31
2 - 28% - 40% - 1:43
PK Defense
1 - 64% - 60% - 3:59
2 - 36% - 40% - 2:15
PK3 Forward
1 - 0% - 60%
2 - 0% - 40%
PK3 Defense
1 - 0% - 60%
2 - 0% - 40%
44 Forward
1 - 72% - 60% - 1:26
2 - 28% - 40% - 0:33
44 Defense
1 - 20% - 60% - 0:24
2 - 80% - 40% - 1:35
Last Minute Offensive - 0:43
Last Minute Defensive - 0:00
Total
Forward - 60:00
Defense - 60:00
|
Play by Play
1st period
0:01 of 1st period - Robert Nilsson wins face-off versus Vincent Lecavalier in neutral zone.
0:04 of 1st period - Slapshot by Dion Phaneuf.
0:04 of 1st period - Shot Misses the Net.
0:52 of 1st period - Wrist shot by Paul Stastny.
0:52 of 1st period - Stopped by Jimmy Howard without a rebound.
0:53 of 1st period - Doug Weight wins face-off versus Paul Stastny in Devils zone.
1:31 of 1st period - Snap shot by Marian Hossa.
1:31 of 1st period - Shot Misses the Net.
1:55 of 1st period - Slapshot by Robert Nilsson.
1:55 of 1st period - Stopped by Jimmy Howard without a rebound.
1:56 of 1st period - Brendan Morrison wins face-off versus Vincent Lecavalier in Devils zone.
1:57 of 1st period - Snap shot by Dustin Penner.
1:57 of 1st period - Deflect By Brendan Morrison.
1:57 of 1st period - Shot Misses the Net.
1:57 of 1st period - Puck is out of play.
1:58 of 1st period - Vincent Lecavalier wins face-off versus Brendan Morrison in Devils zone.
1:58 of 1st period - Vincent Lecavalier is hit by Brendan Morrison.
2:23 of 1st period - Robert Nilsson is hit by Henrik Zetterberg and loses puck.
2:24 of 1st period - Robert Nilsson from Maple Leafs is injured at 2:24 of 1st period (Sports Hernia).
2:25 of 1st period - Steve Ott wins face-off versus Ramzi Abid in Maple Leafs zone.
3:19 of 1st period - Wrist shot by Teemu Selanne.
3:19 of 1st period - Stopped by Marc-André Fleury with a rebound.
3:37 of 1st period - Snap shot by Teemu Selanne.
3:37 of 1st period - Stopped by Marc-André Fleury with a rebound.
3:39 of 1st period - Backhand shot by Johnny Oduya.
3:39 of 1st period - Deflect By Ramzi Abid.
3:39 of 1st period - Shot Misses the Net.
3:39 of 1st period - Puck is out of play.
3:40 of 1st period - Peter Prucha wins face-off versus Steve Ott in Maple Leafs zone.
4:14 of 1st period - Snap shot by Claude Giroux.
4:14 of 1st period - Stopped by Jimmy Howard with a rebound.
4:16 of 1st period - Slapshot by Dion Phaneuf.
4:16 of 1st period - Shot Misses the Net.
4:18 of 1st period - Slapshot by Dion Phaneuf.
4:18 of 1st period - Deflect By Claude Giroux.
4:18 of 1st period - Stopped by Jimmy Howard with a rebound.
4:20 of 1st period - Snap shot by Steve Ott.
4:20 of 1st period - Stopped by Jimmy Howard with a rebound.
5:55 of 1st period - Wrist shot by Derek Roy.
5:55 of 1st period - Shot Misses the Net.
6:01 of 1st period - Slapshot by Claude Giroux.
6:01 of 1st period - Shot Blocked by Derek Roy.
6:19 of 1st period - Snap shot by Derek Roy.
6:19 of 1st period - Stopped by Marc-André Fleury with a rebound.
6:35 of 1st period - Wrist shot by Alexander Frolov.
6:35 of 1st period - Shot Misses the Net.
6:41 of 1st period - Wrist shot by Alexander Frolov.
6:41 of 1st period - Stopped by Jimmy Howard with a rebound.
6:43 of 1st period - Snap shot by Dion Phaneuf.
6:43 of 1st period - Shot Misses the Net.
6:45 of 1st period - Snap shot by Steve Ott.
6:45 of 1st period - Stopped by Jimmy Howard with a rebound.
6:53 of 1st period - Snap shot by Claude Giroux.
6:53 of 1st period - Shot Misses the Net.
6:55 of 1st period - Snap shot by Claude Giroux.
6:55 of 1st period - Stopped by Jimmy Howard without a rebound.
6:56 of 1st period - Brendan Morrison wins face-off versus Andrei Kostitsyn in Devils zone.
7:03 of 1st period - Slapshot by Andrei Kostitsyn.
7:03 of 1st period - Shot Misses the Net.
7:21 of 1st period - Tomas Holmstrom is hit by Jamal Mayers and loses puck.
7:23 of 1st period - Minor Penalty to Lee Stempniak for Hooking.
7:24 of 1st period - Brendan Morrison wins face-off versus Doug Weight in Devils zone.
7:25 of 1st period - Slapshot by Byron Bitz.
7:25 of 1st period - Shot Misses the Net.
7:39 of 1st period - Wrist shot by Ramzi Abid.
7:39 of 1st period - Deflect By Alex Goligoski.
7:39 of 1st period - Stopped by Marc-André Fleury with a rebound.
9:13 of 1st period - Matt Smaby is hit by Andy Hilbert and loses puck.
9:23 of 1st period - Penalty to Lee Stempniak is over, Lee Stempniak is back on ice.
10:22 of 1st period - Alex Goligoski is hit by Teemu Selanne and loses puck.
12:23 of 1st period - Icing by Dion Phaneuf.
12:24 of 1st period - Derek Roy wins face-off versus Brendan Morrison in Maple Leafs zone.
13:01 of 1st period - Dion Phaneuf is hit by Matt Smaby and loses puck.
13:10 of 1st period - Greg De Vries is hit by Brett Clark and loses puck.
13:25 of 1st period - Snap shot by Tomas Holmstrom.
13:25 of 1st period - Stopped by Marc-André Fleury without a rebound.
13:26 of 1st period - Jason Williams wins face-off versus Brendan Morrison in Maple Leafs zone.
14:09 of 1st period - Slapshot by Derek Roy.
14:09 of 1st period - Shot Blocked by Lasse Kukkonen.
14:37 of 1st period - Teemu Selanne is hit by Brendan Morrison and loses puck.
15:04 of 1st period - Johnny Oduya is hit by Alexander Frolov and loses puck.
15:39 of 1st period - Backhand shot by Lee Stempniak.
15:39 of 1st period - Stopped by Marc-André Fleury with a rebound.
15:41 of 1st period - Snap shot by Tomas Holmstrom.
15:41 of 1st period - Stopped by Marc-André Fleury with a rebound.
15:43 of 1st period - Wrist shot by Tomas Holmstrom.
15:43 of 1st period - Shot Hit the Post.
16:57 of 1st period - Snap shot by Lee Stempniak.
16:57 of 1st period - Shot Blocked by Lasse Kukkonen.
16:59 of 1st period - Snap shot by Tomas Holmstrom.
16:59 of 1st period - Shot Misses the Net.
17:01 of 1st period - Wrist shot by Lee Stempniak.
17:01 of 1st period - Stopped by Marc-André Fleury with a rebound.
17:11 of 1st period - Henrik Zetterberg is hit by Lasse Kukkonen and loses puck.
17:43 of 1st period - Ben Lovejoy is hit by Steve Ott and loses puck.
18:21 of 1st period - Dustin Penner is hit by Jason Williams and loses puck.
18:38 of 1st period - Tomas Holmstrom is hit by Nils Ekman and loses puck.
19:00 of 1st period - Off-side.
19:01 of 1st period - Steve Ott wins face-off versus Marian Hossa in neutral zone.
19:06 of 1st period - Slapshot by Dion Phaneuf.
19:06 of 1st period - Deflect By Dustin Penner.
19:06 of 1st period - Shot Misses the Net.
19:06 of 1st period - Puck is out of play.
19:07 of 1st period - Steve Ott wins face-off versus Vincent Lecavalier in Devils zone.
19:20 of 1st period - Snap shot by Byron Bitz.
19:20 of 1st period - Shot Blocked by Vincent Lecavalier.
19:22 of 1st period - Slapshot by Tobias Enstrom.
19:22 of 1st period - Deflect By Johnny Oduya.
19:22 of 1st period - Stopped by Jimmy Howard without a rebound.
19:23 of 1st period - Vincent Lecavalier wins face-off versus Pierre-Marc Bouchard in Devils zone.
19:36 of 1st period - Snap shot by Vincent Lecavalier.
19:36 of 1st period - Shot Misses the Net.
19:55 of 1st period - Minor Penalty to Henrik Zetterberg for High sticking.
19:56 of 1st period - Steve Ott wins face-off versus Doug Weight in Devils zone.
2nd period
0:01 of 2nd period - Steve Ott wins face-off versus Doug Weight in neutral zone.
0:03 of 2nd period - Off-side.
0:04 of 2nd period - Ramzi Abid wins face-off versus Steve Ott in neutral zone.
0:20 of 2nd period - Slapshot by Claude Giroux.
0:20 of 2nd period - Shot Misses the Net.
1:55 of 2nd period - Penalty to Henrik Zetterberg is over, Henrik Zetterberg is back on ice.
3:00 of 2nd period - Brett Clark is hit by Derek Roy and loses puck.
3:04 of 2nd period - Minor Penalty to Matt Smaby for Tripping.
3:04 of 2nd period - Minor Penalty to Byron Bitz for Interference.
3:05 of 2nd period - Derek Roy wins face-off versus Claude Giroux in Maple Leafs zone.
4:11 of 2nd period - Snap shot by Johnny Oduya.
4:11 of 2nd period - Shot Blocked by Brett Clark.
4:13 of 2nd period - Wrist shot by Peter Prucha.
4:13 of 2nd period - Stopped by Marc-André Fleury without a rebound.
4:14 of 2nd period - Claude Giroux wins face-off versus Derek Roy in Maple Leafs zone.
4:46 of 2nd period - Nils Ekman is hit by Ramzi Abid and loses puck.
5:04 of 2nd period - Penalty to Matt Smaby is over, Matt Smaby is back on ice.
5:04 of 2nd period - Penalty to Byron Bitz is over, Byron Bitz is back on ice.
5:19 of 2nd period - Wrist shot by Brendan Morrison.
5:19 of 2nd period - Shot Blocked by Marek Zidlicky.
5:34 of 2nd period - Wrist shot by Peter Prucha.
5:34 of 2nd period - Stopped by Marc-André Fleury with a rebound.
5:36 of 2nd period - Slapshot by Jonathan Ericsson.
5:36 of 2nd period - Deflect By Peter Prucha.
5:36 of 2nd period - Shot Misses the Net.
5:36 of 2nd period - Puck is out of play.
5:37 of 2nd period - Brendan Morrison wins face-off versus Vincent Lecavalier in Maple Leafs zone.
5:50 of 2nd period - Wrist shot by Byron Bitz.
5:50 of 2nd period - Shot Hit the Post.
6:06 of 2nd period - Snap shot by Teemu Selanne.
6:06 of 2nd period - Shot Misses the Net.
6:52 of 2nd period - Snap shot by Vincent Lecavalier.
6:52 of 2nd period - Shot Misses the Net.
7:06 of 2nd period - Wrist shot by Steve Ott.
7:06 of 2nd period - Stopped by Jimmy Howard with a rebound.
7:08 of 2nd period - Slapshot by Tobias Enstrom.
7:08 of 2nd period - Stopped by Jimmy Howard with a rebound.
7:10 of 2nd period - Snap shot by Tobias Enstrom.
7:10 of 2nd period - Stopped by Jimmy Howard with a rebound.
7:12 of 2nd period - Wrist shot by Dion Phaneuf.
7:12 of 2nd period - Shot Blocked by Greg De Vries.
7:14 of 2nd period - Snap shot by Dion Phaneuf.
7:14 of 2nd period - Shot Blocked by Peter Prucha.
8:32 of 2nd period - Off-side.
8:33 of 2nd period - Doug Weight wins face-off versus Nils Ekman in neutral zone.
8:38 of 2nd period - Snap shot by Alexander Frolov.
8:38 of 2nd period - Stopped by Jimmy Howard without a rebound.
8:39 of 2nd period - Brendan Morrison wins face-off versus Vincent Lecavalier in Devils zone.
9:38 of 2nd period - Wrist shot by Andy Hilbert.
9:38 of 2nd period - Shot Misses the Net.
9:50 of 2nd period - Pierre-Marc Bouchard is hit by Ben Lovejoy and loses puck.
9:57 of 2nd period - Slapshot by Pierre-Marc Bouchard.
9:57 of 2nd period - Stopped by Jimmy Howard without a rebound.
9:58 of 2nd period - Steve Ott wins face-off versus Vincent Lecavalier in Devils zone.
11:01 of 2nd period - Minor Penalty to Dion Phaneuf for Holding.
11:02 of 2nd period - Paul Stastny wins face-off versus Vincent Lecavalier in Maple Leafs zone.
11:11 of 2nd period - Jay Harrison is hit by Johnny Oduya and loses puck.
11:30 of 2nd period - Alexander Frolov is hit by Derek Roy and loses puck.
11:45 of 2nd period - Henrik Zetterberg is hit by Andy Hilbert and loses puck.
13:01 of 2nd period - Penalty to Dion Phaneuf is over, Dion Phaneuf is back on ice.
13:09 of 2nd period - Off-side.
13:10 of 2nd period - Nils Ekman wins face-off versus Doug Weight in neutral zone.
14:17 of 2nd period - Jamal Mayers is hit by Henrik Zetterberg and loses puck.
14:37 of 2nd period - Jamal Mayers is hit by Matt Smaby and loses puck.
14:46 of 2nd period - Wrist shot by Paul Stastny.
14:46 of 2nd period - Stopped by Jimmy Howard without a rebound.
14:47 of 2nd period - Steve Ott wins face-off versus Vincent Lecavalier in Devils zone.
14:56 of 2nd period - Backhand shot by Alexander Frolov.
14:56 of 2nd period - Stopped by Jimmy Howard with a rebound.
15:17 of 2nd period - Slapshot by Dustin Penner.
15:17 of 2nd period - Deflect By Brendan Morrison.
15:17 of 2nd period - Shot Misses the Net.
15:17 of 2nd period - Puck is out of play.
15:18 of 2nd period - Derek Roy wins face-off versus Brendan Morrison in Devils zone.
15:34 of 2nd period - Snap shot by Brendan Morrison.
15:34 of 2nd period - Stopped by Jimmy Howard without a rebound.
15:35 of 2nd period - Vincent Lecavalier wins face-off versus Steve Ott in Devils zone.
15:35 of 2nd period - Vincent Lecavalier is hit by Steve Ott.
15:45 of 2nd period - Snap shot by Claude Giroux.
15:45 of 2nd period - Shot Blocked by Marek Zidlicky.
16:20 of 2nd period - Snap shot by Doug Weight.
16:20 of 2nd period - Stopped by Marc-André Fleury without a rebound.
16:21 of 2nd period - Doug Weight wins face-off versus Andy Hilbert in Maple Leafs zone.
16:24 of 2nd period - Slapshot by Ramzi Abid.
16:24 of 2nd period - Shot Blocked by Tobias Enstrom.
16:26 of 2nd period - Snap shot by Ramzi Abid.
16:26 of 2nd period - Shot Misses the Net.
16:28 of 2nd period - Wrist shot by Teemu Selanne.
16:28 of 2nd period - Shot Misses the Net.
16:30 of 2nd period - Wrist shot by Ramzi Abid.
16:30 of 2nd period - Shot Misses the Net.
16:32 of 2nd period - Snap shot by Teemu Selanne.
16:32 of 2nd period - Stopped by Marc-André Fleury without a rebound.
16:33 of 2nd period - Vincent Lecavalier wins face-off versus Steve Ott in Maple Leafs zone.
16:34 of 2nd period - Snap shot by Marian Hossa.
16:34 of 2nd period - Stopped by Marc-André Fleury without a rebound.
16:35 of 2nd period - Alexander Frolov wins face-off versus Vincent Lecavalier in Maple Leafs zone.
16:40 of 2nd period - Andrei Kostitsyn is hit by Claude Giroux.
17:08 of 2nd period - Backhand shot by Henrik Zetterberg.
17:08 of 2nd period - Shot Misses the Net.
17:24 of 2nd period - Snap shot by Teemu Selanne.
17:24 of 2nd period - Shot Blocked by Paul Stastny.
17:26 of 2nd period - Slapshot by Jonathan Ericsson.
17:26 of 2nd period - Shot Misses the Net.
17:44 of 2nd period - Wrist shot by Tomas Holmstrom.
17:44 of 2nd period - Shot Blocked by Tobias Enstrom.
17:46 of 2nd period - Wrist shot by Lee Stempniak.
17:46 of 2nd period - Stopped by Marc-André Fleury without a rebound.
17:47 of 2nd period - Vincent Lecavalier wins face-off versus Pierre-Marc Bouchard in Maple Leafs zone.
18:39 of 2nd period - Wrist shot by Byron Bitz.
18:39 of 2nd period - Shot Blocked by Marek Zidlicky.
18:41 of 2nd period - Wrist shot by Byron Bitz.
18:41 of 2nd period - Shot Blocked by Ben Lovejoy.
18:43 of 2nd period - Slapshot by Lasse Kukkonen.
18:43 of 2nd period - Shot Blocked by Teemu Selanne.
18:45 of 2nd period - Wrist shot by Brendan Morrison.
18:45 of 2nd period - Deflect By Byron Bitz.
18:45 of 2nd period - Stopped by Jimmy Howard without a rebound.
18:46 of 2nd period - Vincent Lecavalier wins face-off versus Steve Ott in Devils zone.
18:46 of 2nd period - Vincent Lecavalier is hit by Alexander Frolov.
18:56 of 2nd period - Snap shot by Vincent Lecavalier.
18:56 of 2nd period - Shot Blocked by Jay Harrison.
19:55 of 2nd period - Snap shot by Tomas Holmstrom.
19:55 of 2nd period - Stopped by Marc-André Fleury without a rebound.
19:56 of 2nd period - Pierre-Marc Bouchard wins face-off versus Jason Williams in Maple Leafs zone.
3rd period
0:01 of 3rd period - Steve Ott wins face-off versus Marian Hossa in neutral zone.
0:53 of 3rd period - Jamal Mayers is hit by Ramzi Abid.
1:09 of 3rd period - Wrist shot by Lee Stempniak.
1:09 of 3rd period - Deflect By Tomas Holmstrom.
1:09 of 3rd period - Goal by Tomas Holmstrom - Maple Leafs : 0 - Devils : 1.
1:10 of 3rd period - Alexander Frolov wins face-off versus Vincent Lecavalier in neutral zone.
1:19 of 3rd period - Snap shot by Claude Giroux.
1:19 of 3rd period - Shot Hit the Post.
2:19 of 3rd period - Marek Zidlicky is hit by Lasse Kukkonen and loses puck.
2:36 of 3rd period - Claude Giroux is hit by Andrei Kostitsyn.
2:40 of 3rd period - Vincent Lecavalier is hit by Alexander Frolov.
2:43 of 3rd period - Off-side.
2:44 of 3rd period - Steve Ott wins face-off versus Vincent Lecavalier in neutral zone.
2:46 of 3rd period - Minor Penalty to Vincent Lecavalier for Hooking.
2:47 of 3rd period - Doug Weight wins face-off versus Steve Ott in Devils zone.
3:01 of 3rd period - Snap shot by Alexander Frolov.
3:01 of 3rd period - Shot Misses the Net.
3:03 of 3rd period - Slapshot by Tobias Enstrom.
3:03 of 3rd period - Goal by Tobias Enstrom - Maple Leafs : 1 - Devils : 1.
3:04 of 3rd period - Steve Ott wins face-off versus Vincent Lecavalier in neutral zone.
3:07 of 3rd period - Wrist shot by Marian Hossa.
3:07 of 3rd period - Shot Misses the Net.
3:09 of 3rd period - Snap shot by Marian Hossa.
3:09 of 3rd period - Stopped by Marc-André Fleury with a rebound.
3:11 of 3rd period - Wrist shot by Marian Hossa.
3:11 of 3rd period - Stopped by Marc-André Fleury with a rebound.
3:19 of 3rd period - Wrist shot by Vincent Lecavalier.
3:19 of 3rd period - Stopped by Marc-André Fleury without a rebound.
3:20 of 3rd period - Derek Roy wins face-off versus Brendan Morrison in Maple Leafs zone.
3:33 of 3rd period - Snap shot by Peter Prucha.
3:33 of 3rd period - Stopped by Marc-André Fleury without a rebound.
3:34 of 3rd period - Vincent Lecavalier wins face-off versus Steve Ott in Maple Leafs zone.
3:37 of 3rd period - Snap shot by Vincent Lecavalier.
3:37 of 3rd period - Shot Blocked by Claude Giroux.
3:42 of 3rd period - Icing by Claude Giroux.
3:43 of 3rd period - Vincent Lecavalier wins face-off versus Steve Ott in Maple Leafs zone.
3:46 of 3rd period - Slapshot by Vincent Lecavalier.
3:46 of 3rd period - Deflect By Andrei Kostitsyn.
3:46 of 3rd period - Shot Misses the Net.
3:46 of 3rd period - Puck is out of play.
3:47 of 3rd period - Vincent Lecavalier wins face-off versus Steve Ott in Maple Leafs zone.
3:50 of 3rd period - Wrist shot by Vincent Lecavalier.
3:50 of 3rd period - Stopped by Marc-André Fleury without a rebound.
3:51 of 3rd period - Vincent Lecavalier wins face-off versus Steve Ott in Maple Leafs zone.
3:56 of 3rd period - Snap shot by Marian Hossa.
3:56 of 3rd period - Stopped by Marc-André Fleury with a rebound.
3:58 of 3rd period - Slapshot by Marek Zidlicky.
3:58 of 3rd period - Shot Blocked by Dion Phaneuf.
4:00 of 3rd period - Slapshot by Ben Lovejoy.
4:00 of 3rd period - Stopped by Marc-André Fleury with a rebound.
4:02 of 3rd period - Snap shot by Marek Zidlicky.
4:02 of 3rd period - Shot Blocked by Tobias Enstrom.
4:04 of 3rd period - Snap shot by Andrei Kostitsyn.
4:04 of 3rd period - Deflect By Claude Giroux.
4:04 of 3rd period - Shot Blocked by Dion Phaneuf.
4:04 of 3rd period - Puck is out of play.
4:05 of 3rd period - Vincent Lecavalier wins face-off versus Steve Ott in Maple Leafs zone.
4:16 of 3rd period - Snap shot by Alexander Frolov.
4:16 of 3rd period - Stopped by Jimmy Howard without a rebound.
4:17 of 3rd period - Vincent Lecavalier wins face-off versus Steve Ott in Devils zone.
4:17 of 3rd period - Vincent Lecavalier is hit by Dion Phaneuf.
4:23 of 3rd period - Snap shot by Johnny Oduya.
4:23 of 3rd period - Stopped by Marc-André Fleury with a rebound.
4:25 of 3rd period - Slapshot by Jonathan Ericsson.
4:25 of 3rd period - Stopped by Marc-André Fleury with a rebound.
4:27 of 3rd period - Wrist shot by Andrei Kostitsyn.
4:27 of 3rd period - Stopped by Marc-André Fleury without a rebound.
4:28 of 3rd period - Vincent Lecavalier wins face-off versus Steve Ott in Maple Leafs zone.
5:38 of 3rd period - Wrist shot by Tobias Enstrom.
5:38 of 3rd period - Deflect By Nils Ekman.
5:38 of 3rd period - Shot Misses the Net.
5:38 of 3rd period - Puck is out of play.
5:39 of 3rd period - Vincent Lecavalier wins face-off versus Pierre-Marc Bouchard in Devils zone.
5:46 of 3rd period - Slapshot by Lasse Kukkonen.
5:46 of 3rd period - Goal by Lasse Kukkonen - Maple Leafs : 2 - Devils : 1.
5:47 of 3rd period - Vincent Lecavalier wins face-off versus Steve Ott in neutral zone.
6:39 of 3rd period - Wrist shot by Teemu Selanne.
6:39 of 3rd period - Shot Blocked by Paul Stastny.
6:58 of 3rd period - Minor Penalty to Pierre-Marc Bouchard for Holding.
6:59 of 3rd period - Vincent Lecavalier wins face-off versus Paul Stastny in Maple Leafs zone.
7:04 of 3rd period - Wrist shot by Vincent Lecavalier.
7:04 of 3rd period - Goal by Vincent Lecavalier - Maple Leafs : 2 - Devils : 2.
7:05 of 3rd period - Steve Ott wins face-off versus Vincent Lecavalier in neutral zone.
7:39 of 3rd period - Snap shot by Brendan Morrison.
7:39 of 3rd period - Deflect By Dustin Penner.
7:39 of 3rd period - Shot Misses the Net.
7:39 of 3rd period - Puck is out of play.
7:40 of 3rd period - Derek Roy wins face-off versus Brendan Morrison in Devils zone.
7:47 of 3rd period - Derek Roy is hit by Dustin Penner and loses puck.
8:34 of 3rd period - Snap shot by Doug Weight.
8:34 of 3rd period - Shot Blocked by Paul Stastny.
8:58 of 3rd period - Jonathan Ericsson is hit by Tobias Enstrom and loses puck.
9:20 of 3rd period - Peter Prucha is hit by Dustin Penner and loses puck.
9:35 of 3rd period - Marian Hossa is hit by Nils Ekman and loses puck.
9:52 of 3rd period - Ramzi Abid is hit by Paul Stastny and loses puck.
9:59 of 3rd period - Slapshot by Greg De Vries.
9:59 of 3rd period - Stopped by Marc-André Fleury without a rebound.
10:00 of 3rd period - Vincent Lecavalier wins face-off versus Steve Ott in Maple Leafs zone.
10:59 of 3rd period - Slapshot by Alexander Frolov.
10:59 of 3rd period - Shot Misses the Net.
11:01 of 3rd period - Slapshot by Dion Phaneuf.
11:01 of 3rd period - Shot Misses the Net.
11:09 of 3rd period - Wrist shot by Alexander Frolov.
11:09 of 3rd period - Stopped by Jimmy Howard with a rebound.
11:11 of 3rd period - Slapshot by Tobias Enstrom.
11:11 of 3rd period - Shot Misses the Net.
11:17 of 3rd period - Snap shot by Alexander Frolov.
11:17 of 3rd period - Stopped by Jimmy Howard with a rebound.
11:19 of 3rd period - Slapshot by Tobias Enstrom.
11:19 of 3rd period - Shot Misses the Net.
11:21 of 3rd period - Slapshot by Tobias Enstrom.
11:21 of 3rd period - Shot Misses the Net.
11:25 of 3rd period - Wrist shot by Claude Giroux.
11:25 of 3rd period - Shot Misses the Net.
11:27 of 3rd period - Snap shot by Alexander Frolov.
11:27 of 3rd period - Shot Blocked by Ben Lovejoy.
11:29 of 3rd period - Slapshot by Dion Phaneuf.
11:29 of 3rd period - Deflect By Alexander Frolov.
11:29 of 3rd period - Goal by Alexander Frolov - Maple Leafs : 3 - Devils : 2.
11:30 of 3rd period - Vincent Lecavalier wins face-off versus Brendan Morrison in neutral zone.
11:55 of 3rd period - Snap shot by Tomas Holmstrom.
11:55 of 3rd period - Shot Misses the Net.
11:57 of 3rd period - Snap shot by Tomas Holmstrom.
11:57 of 3rd period - Shot Blocked by Lasse Kukkonen.
12:05 of 3rd period - Wrist shot by Jason Williams.
12:05 of 3rd period - Shot Hit the Post.
12:07 of 3rd period - Snap shot by Greg De Vries.
12:07 of 3rd period - Shot Misses the Net.
12:53 of 3rd period - Slapshot by Tomas Holmstrom.
12:53 of 3rd period - Stopped by Marc-André Fleury with a rebound.
14:02 of 3rd period - Snap shot by Tomas Holmstrom.
14:02 of 3rd period - Shot Misses the Net.
14:04 of 3rd period - Slapshot by Greg De Vries.
14:04 of 3rd period - Shot Blocked by Steve Ott.
14:06 of 3rd period - Wrist shot by Matt Smaby.
14:06 of 3rd period - Stopped by Marc-André Fleury with a rebound.
14:08 of 3rd period - Snap shot by Matt Smaby.
14:08 of 3rd period - Stopped by Marc-André Fleury without a rebound.
14:09 of 3rd period - Vincent Lecavalier wins face-off versus Byron Bitz in Maple Leafs zone.
14:26 of 3rd period - Nils Ekman is hit by Andrei Kostitsyn and loses puck.
15:15 of 3rd period - Ben Lovejoy is hit by Claude Giroux and loses puck.
15:51 of 3rd period - Snap shot by Derek Roy.
15:51 of 3rd period - Deflect By Peter Prucha.
15:51 of 3rd period - Shot Misses the Net.
15:51 of 3rd period - Puck is out of play.
15:52 of 3rd period - Brendan Morrison wins face-off versus Vincent Lecavalier in Maple Leafs zone.
16:01 of 3rd period - Snap shot by Dustin Penner.
16:01 of 3rd period - Shot Blocked by Jonathan Ericsson.
16:26 of 3rd period - Minor Penalty to Johnny Oduya for Interference.
16:27 of 3rd period - Doug Weight wins face-off versus Steve Ott in Devils zone.
16:42 of 3rd period - Wrist shot by Claude Giroux.
16:42 of 3rd period - Shot Misses the Net.
16:56 of 3rd period - Wrist shot by Brendan Morrison.
16:56 of 3rd period - Shot Blocked by Greg De Vries.
16:58 of 3rd period - Snap shot by Byron Bitz.
16:58 of 3rd period - Stopped by Jimmy Howard with a rebound.
17:00 of 3rd period - Backhand shot by Dustin Penner.
17:00 of 3rd period - Stopped by Jimmy Howard without a rebound.
17:01 of 3rd period - Alexander Frolov wins face-off versus Doug Weight in Devils zone.
17:27 of 3rd period - Dustin Penner is hit by Jonathan Ericsson and loses puck.
18:14 of 3rd period - Dion Phaneuf is hit by Greg De Vries and loses puck.
18:26 of 3rd period - Penalty to Johnny Oduya is over, Johnny Oduya is back on ice.
18:59 of 3rd period - Claude Giroux is hit by Vincent Lecavalier and loses puck.
19:02 of 3rd period - Devils, Jimmy Howard is pulled from the net.
19:04 of 3rd period - Snap shot by Henrik Zetterberg.
19:04 of 3rd period - Shot Misses the Net.
19:26 of 3rd period - Wrist shot by Henrik Zetterberg.
19:26 of 3rd period - Deflect By Vincent Lecavalier.
19:26 of 3rd period - Stopped by Marc-André Fleury without a rebound.
19:27 of 3rd period - Mike Keenan call a timeout for Devils.
19:27 of 3rd period - Nils Ekman wins face-off versus Vincent Lecavalier in Maple Leafs zone.
19:34 of 3rd period - Wrist shot by Claude Giroux.
19:34 of 3rd period - Goal by Claude Giroux - Maple Leafs : 4 - Devils : 2.
19:34 of 3rd period - Jimmy Howard from Devils was sent back in the game.
19:35 of 3rd period - Pierre-Marc Bouchard wins face-off versus Doug Weight in neutral zone.
19:40 of 3rd period - Snap shot by Pierre-Marc Bouchard.
19:40 of 3rd period - Shot Blocked by Jonathan Ericsson.
19:42 of 3rd period - Slapshot by Steve Ott.
19:42 of 3rd period - Shot Misses the Net.
19:44 of 3rd period - Slapshot by Tobias Enstrom.
19:44 of 3rd period - Shot Misses the Net.
19:46 of 3rd period - Slapshot by Tobias Enstrom.
19:46 of 3rd period - Shot Blocked by Teemu Selanne.
19:48 of 3rd period - Snap shot by Nils Ekman.
19:48 of 3rd period - Stopped by Jimmy Howard without a rebound.
19:49 of 3rd period - Pierre-Marc Bouchard wins face-off versus Doug Weight in Devils zone.
Output by the SimonT Hockey Simulator (STHS) for François Prévost -- Original Page W3C XHTML 1.0 Valid